 Dungeon Crawl Stone Soup version 0.22-a0-601-gb0ed703 (webtiles) character file.

19670 nikopol the Eclecticist (level 12, -45/60 HPs)
             Began as a Deep Elf Fire Elementalist on July 5, 2018.
             Was a Priest of Vehumet.
             Killed from afar by a frost giant (105 damage)
             ... with a bolt of cold
             ... in an ice cave on July 6, 2018.
             The game lasted 01:03:33 (15623 turns).

nikopol the Eclecticist (DEFE)                     Turns: 15623, Time: 01:03:33

Health: -45/60     AC:  8    Str:  8    XL:     12   Next: 38%
Magic:  28/33      EV: 15    Int: 34    God:    Vehumet [***...]
Gold:   834        SH:  9    Dex: 15    Spells: 26/41 levels left

rFire    + . .     SeeInvis .   i - +1 flail "Ismynuri" {venom, *Corrode Str+3 Int+8} (curse)
rCold    x . .     Gourm    .   y - +2 buckler
rNeg     . . .     Faith    .   a - +0 robe
rPois    +         Spirit   .   (no helmet)
rElec    .         Reflect  +   H - +2 cloak {MR+}
rCorr    .         Harm     .   t - +1 pair of gloves
MR       ++...                  D - +0 pair of boots
Stlth    +++.......             O - +2 amulet of reflection
HPRegen  0.20/turn              C - ring of poison resistance
MPRegen  0.23/turn              f - ring of fire

@: no status effects
A: no striking features
a: Renounce Religion


You were in an ice cave.
You worshipped Vehumet.
Vehumet was most pleased with you.
You were not hungry.

You visited 3 branches of the dungeon, and saw 11 of its levels.
You also visited: Sewer, Ossuary and Ice Cave.

You collected 834 gold pieces.

Inventory:

Hand Weapons
 i - the cursed +1 flail "Ismynuri" (weapon) {venom, *Corrode Str+3 Int+8}
   (You found it on level 5 of the Dungeon)

   It poisons the flesh of those it strikes.
   It affects your strength (+3).
   It affects your intelligence (+8).
   It may corrode you when you take damage.
   It has a curse placed upon it.
Armour
 a - a +0 robe (worn)
 t - a +1 pair of gloves (worn)
 y - a +2 buckler (worn)
 D - a +0 pair of boots (worn)
 H - a +2 cloak of magic resistance (worn)
Magical Staves
 F - an uncursed staff of earth
Jewellery
 d - an uncursed ring of positive energy
 f - a ring of fire (right hand)
 l - an uncursed ring of see invisible
 C - a ring of poison resistance (left hand)
 E - an uncursed ring of protection from cold
 J - an uncursed ring of resist corrosion
 O - a +2 amulet of reflection (around neck)
 Q - an uncursed amulet of the acrobat {unknown}
Wands
 w - a wand of digging (13)
 x - a wand of iceblast (15)
 I - a wand of polymorph (9)
 L - a wand of flame (26)
Scrolls
 h - 7 scrolls of teleportation
 j - 2 scrolls of remove curse
 m - 2 scrolls of enchant armour
 n - 2 scrolls of amnesia
 p - a scroll of enchant weapon {unknown}
 u - 2 scrolls of immolation
 z - 5 scrolls of identify
 A - 4 scrolls of fear {unknown}
 N - a scroll of blinking {unknown}
 P - a scroll of brand weapon {unknown}
 R - a scroll of vulnerability {unknown}
Potions
 b - 5 potions of haste
 e - a potion of magic
 g - 3 potions of ambrosia
 k - 6 potions of agility
 o - 2 potions of resistance {unknown}
 q - 3 potions of brilliance
 r - 5 potions of curing
 s - a potion of invisibility {unknown}
 v - 3 potions of might
 B - 3 potions of flight
 M - 3 potions of heal wounds {unknown}
Miscellaneous
 G - a lamp of fire
Comestibles
 c - 13 rations
 K - 4 chunks of flesh


   Skills:
 + Level 0.4 Fighting
 + Level 5.2 Dodging
 + Level 5.2 Stealth
 * Level 5.8 Shields
 + Level 15.0 Spellcasting
 + Level 10.8 Conjurations
 + Level 11.9 Fire Magic


You had 26 spell levels left.
You knew the following spells:

 Your Spells              Type           Power        Failure   Level  Hunger
a - Flame Tongue          Conj/Fire      #####        0%          1    None
b - Throw Flame           Conj/Fire      ######       0%          2    None
c - Conjure Flame         Conj/Fire      ########     1%          3    None
d - Sticky Flame          Conj/Fire      ########     1%          4    None
e - Fireball              Conj/Fire      ########..   1%          5    None

Your spell library contained the following spells:

 Spells                   Type           Power        Failure   Level  Hunger
 Inner Flame              Hex/Fire       #######.     1%          3    None


Dungeon Overview and Level Annotations

Branches:
Dungeon (8/15)             Temple (1/1) D:7            Lair (2/6) D:8
  Snake (0/4) Lair:2
  Swamp: Lair:2-4    Shoals: Lair:2-4

Altars:
Ashenzari
Cheibriados
Dithmenos
Elyvilon
Fedhas
Gozag
Hepliaklqana
Kikubaaqudgha
Makhleb
Nemelex Xobeh
Okawaru
Qazlal
Ru
Sif Muna
Uskayaw
Vehumet
Wu Jian
Xom
Yredelemnul
Zin
The Shining One
Beogh

Shops:
D:6 [

Annotations:
Lair:2 Gastronok


Message History

Okay, then.
You enter the shallow water.
Moving in this stuff is going to be slow.
Why would you want to do that? Why would you want to do that?
The yak bellows!
The frost giant shouts!
The yak bellows!
You hear an angry growl.
The yak bellows!
Casting: Flame Tongue (safe; 0% risk of failure)
Confirm with . or Enter, or press ? or * to list all spells.
Aiming: Fireball (safe; 1% risk of failure)
Press: ? - help, Shift-Dir - straight line, f - frost giant
Aim: a frost giant, wielding a battleaxe of freezing You feel a surge of power!
The fireball explodes!
The fireball engulfs the frost giant.
The frost giant is moderately wounded.
You hear an angry growl.
The frost giant points at you and mumbles some strange words.
The bolt of cold hits you!
You feel a terrible chill!
Ouch! That really hurt!
You die...

##### ########## ##.#.##
#.C.##...########.#.⌠.#
#...##..@##...#..#.###÷##
#..Y.
########..#..####### .Y.C
#..#####.≈≈#≈≈ ..h
##..##..≈#≈≈≈≈ #.
###...##≈≈≈#≈ #
#####≈≈≈### #≈≈#≈≈≈≈
≈≈≈≈≈≈≈≈≈# ≈≈≈≈≈≈≈≈###


You could see a frost giant.

Vanquished Creatures
  The ghost of Gomp the Blocker, a journeyman OpFi of Jiyva (Lair:1)
  2 hydras (Lair:1)
  2 two-headed ogres (D:8)
  The ghost of iamserjio the Chopper, a novice DsBe of Trog (D:6)
  An ice statue (IceCv)
  Psyche (D:8)
  A spiny frog (Lair:1)
  The ghost of PeterMcNeter the Insei, a novice OpTm of Wu Jian (D:5)
  A rime drake (IceCv)
  12 polar bears (IceCv)
  31 yaks
  The ghost of inc the Conjurer, an amateur OpFE (D:3)
  3 water moccasins
  4 porcupines
  12 ice beasts
  A sky beast (D:7)
  5 orc warriors
  Purgy (Sewer)
  A black bear (D:5)
  A necrophage (D:5)
  2 phantoms
  11 wolves (IceCv)
  3 crocodiles
  8 ogres
  4 centaurs
  2 bullfrogs (D:8)
  2 gnoll sergeants
  5 water moccasin zombies (Ossuary)
  2 scorpions
  An electric eel (Lair:2)
  8 howler monkeys
  4 hounds
  A centaur skeleton (D:4)
  3 orc priests (D:6)
  A bullfrog skeleton (D:8)
  2 jellies
  12 orc wizards
  2 iguanas (D:5)
  6 worker ants
  A statue (D:7)
  3 big kobold zombies (Ossuary)
  2 mummies (Ossuary)
  A hound zombie (D:8)
  2 hound skeletons
  2 howler monkey zombies
  A worker ant zombie (D:5)
  18 adders
  12 gnolls
  A hound simulacrum (D:5)
  A shadow imp (D:8)
  2 white imps (D:5)
  2 worker ant simulacra (D:5)
  An ooze (D:2)
  4 worms (D:2)
  3 adder skeletons
  8 adder zombies
  An adder simulacrum (D:5)
  2 dart slugs
  6 leopard geckos
  46 orcs
  8 bats
  16 giant cockroaches
  8 goblins
  8 hobgoblins
  10 jackals
  4 quokkas
  4 ball pythons
  10 frilled lizards
  2 gnoll zombies (Ossuary)
  3 hobgoblin zombies (Ossuary)
  A jackal skeleton (D:4)
  4 kobolds
  3 kobold zombies (Ossuary)
  A leopard gecko simulacrum (D:5)
  5 orc zombies (Ossuary)
  A quokka simulacrum (D:5)
  A quokka skeleton (D:6)
  7 rats
  A spectral orc (D:4)
  2 fungi (D:8)
380 creatures vanquished.

Vanquished Creatures (others)
  4 polar bears (IceCv)
  2 yaks (IceCv)
  A wolf (IceCv)
  6 fungi
  5 plants
18 creatures vanquished.

Grand Total: 398 creatures vanquished

Notes
Turn   | Place    | Note
-------+----------+-------------------------------------------
     0 | D:1      | nikopol the Deep Elf Fire Elementalist began the quest for the Orb.
     0 | D:1      | Reached XP level 1. HP: 10/10 MP: 6/6
   251 | D:1      | Reached XP level 2. HP: 15/15 MP: 2/8
   899 | D:2      | Reached XP level 3. HP: 19/19 MP: 4/9
  1449 | D:2      | Found a faded altar of an unknown god.
  1501 | D:2      | Reached XP level 4. HP: 24/24 MP: 7/11
  1770 | D:3      | Found a white marble altar of Elyvilon.
  2044 | D:3      | Found a transporter.
  2050 | D:3      | Found a transporter.
  2055 | D:3      | Learned a level 2 spell: Throw Flame
  2059 | D:3      | Learned a level 3 spell: Conjure Flame
  2064 | D:3      | Learned a level 4 spell: Sticky Flame
  2069 | D:3      | Found a stormy altar of Qazlal.
  2083 | D:3      | Reached skill level 4 in Spellcasting
  2203 | D:3      | Reached XP level 5. HP: 28/28 MP: 11/13
  2255 | D:3      | Found a runed gate.
  2255 | D:3      | Found a runed gate.
  2259 | D:3      | Found a runed gate.
  2284 | D:3      | Noticed inc's ghost (amateur OpFE)
  2287 | D:3      | Found a roughly hewn altar of Beogh.
  2875 | D:3      | Killed inc's ghost
  2875 | D:3      | Reached skill level 5 in Spellcasting
  2875 | D:3      | Reached skill level 5 in Fire Magic
  2875 | D:3      | Reached XP level 6. HP: 32/32 MP: 4/15
  3348 | D:4      | Noticed an ice beast
  3356 | D:4      | Killed an ice beast
  3506 | D:4      | Reached XP level 7. HP: 36/36 MP: 9/17
  3573 | D:4      | Reached skill level 6 in Spellcasting
  3822 | D:4      | Found a basalt altar of Yredelemnul.
  4043 | D:4      | Found a blossoming altar of Fedhas.
  4065 | D:4      | Found a snail-covered altar of Cheibriados.
  4867 | D:5      | Entered Level 5 of the Dungeon
  4918 | D:5      | Reached skill level 7 in Spellcasting
  5030 | D:5      | Found a glowing drain.
  5043 | Sewer    | Entered a sewer
  5193 | Sewer    | Noticed Purgy
  5201 | Sewer    | Killed Purgy
  5446 | D:5      | Reached XP level 8. HP: 36/41 MP: 8/20
  5675 | D:5      | Learned a level 5 spell: Fireball
  5678 | D:5      | Found a runed gate.
  5682 | D:5      | Found a runed gate.
  5684 | D:5      | Found a runed gate.
  5691 | D:5      | Found a hazy altar of Hepliaklqana.
  5992 | D:5      | Noticed PeterMcNeter's ghost (novice OpTm)
  6014 | D:5      | Found an ancient bone altar of Kikubaaqudgha.
  6114 | D:5      | Reached skill level 8 in Spellcasting
  6114 | D:5      | Reached skill level 5 in Conjurations
  6435 | D:5      | Reached skill level 9 in Spellcasting
  7119 | D:5      | Found an ornate altar of the Wu Jian Council.
  7119 | D:5      | Found a sparkling altar of Nemelex Xobeh.
  7120 | D:5      | Found a blossoming altar of Fedhas.
  7320 | D:5      | Reached XP level 9. HP: 43/46 MP: 21/24
  7324 | D:5      | Killed PeterMcNeter's ghost
  7524 | D:5      | Got a fine flail
  7525 | D:5      | Identified the cursed +1 flail "Ismynuri" {venom, *Corrode Str+3 Int+8} (You found it on level 5 of the Dungeon)
  7682 | D:6      | Found a runed gate.
  7682 | D:6      | Found a runed gate.
  7686 | D:6      | Found a runed gate.
  7696 | D:6      | Noticed iamserjio's ghost (novice DsBe)
  7711 | D:6      | Reached skill level 10 in Spellcasting
  7923 | D:6      | Found Josieda's Antique Armour Boutique.
  8275 | D:6      | Found a glowing silver altar of Zin.
  8884 | D:6      | Found a roughly hewn altar of Beogh.
  9063 | D:6      | Killed iamserjio's ghost
  9063 | D:6      | Reached skill level 1 in Shields
  9355 | D:7      | Reached skill level 11 in Spellcasting
  9376 | D:7      | Found a staircase to the Ecumenical Temple.
  9385 | Temple   | Entered the Ecumenical Temple
  9493 | D:7      | Found a sand-covered staircase.
  9500 | Ossuary  | Entered an ossuary
  9652 | Ossuary  | Reached XP level 10. HP: 49/51 MP: 17/27
 10015 | D:7      | Reached skill level 5 in Dodging
 10324 | D:7      | Found a radiant altar of Vehumet.
 10374 | D:7      | Became a worshipper of Vehumet
 10815 | D:8      | Noticed Psyche
 10816 | D:8      | Noticed a two-headed ogre
 10818 | D:8      | Killed Psyche
 10820 | D:8      | Killed a two-headed ogre
 11116 | D:8      | Reached * piety under Vehumet
 11116 | D:8      | Offered knowledge of Magic Dart by Vehumet.
 11201 | D:8      | Reached skill level 12 in Spellcasting
 11312 | D:8      | Reached skill level 10 in Fire Magic
 11686 | D:8      | Noticed a two-headed ogre
 11690 | D:8      | Killed a two-headed ogre
 11811 | D:8      | Found a staircase to the Lair.
 12147 | Lair:1   | Entered Level 1 of the Lair of Beasts
 12147 | Lair:1   | Found a runed gate.
 12147 | Lair:1   | Found a runed gate.
 12147 | Lair:1   | Found a runed gate.
 12147 | Lair:1   | Noticed a 12-headed hydra
 12152 | Lair:1   | Noticed a ten-headed hydra
 12152 | Lair:1   | Noticed Gomp's ghost (journeyman OpFi)
 12156 | Lair:1   | Reached XP level 11. HP: 55/55 MP: 26/29
 12303 | Lair:1   | Offered knowledge of Freeze by Vehumet.
 12306 | Lair:1   | Reached ** piety under Vehumet
 12427 | Lair:1   | Reached skill level 13 in Spellcasting
 12749 | Lair:1   | Noticed a four-headed hydra
 12757 | Lair:1   | Killed a four-headed hydra
 12920 | Lair:1   | Reached skill level 5 in Stealth
 13396 | Lair:1   | Killed a 12-headed hydra
 13396 | Lair:1   | Reached skill level 10 in Conjurations
 13572 | Lair:1   | Upgraded the game from 0.22-a0-596-gfbd32a6 to 0.22-a0-601-gb0ed703
 13592 | Lair:1   | Killed Gomp's ghost
 13806 | Lair:2   | Reached skill level 5 in Shields
 13857 | Lair:2   | Offered knowledge of Ignite Poison by Vehumet.
 13860 | Lair:2   | Found a frozen archway.
 13868 | Lair:2   | Reached skill level 14 in Spellcasting
 13887 | Lair:2   | Noticed Gastronok
 14005 | IceCv    | Entered an ice cave
 14386 | IceCv    | Reached XP level 12. HP: 51/60 MP: 26/32
 14482 | IceCv    | Reached *** piety under Vehumet
 15075 | IceCv    | Offered knowledge of Dazzling Spray by Vehumet.
 15482 | IceCv    | Noticed a frost giant
 15493 | IceCv    | Reached skill level 15 in Spellcasting
 15623 | IceCv    | Killed from afar by a frost giant

Vault maps used:
D:1:      dpeg_arrival_pits
D:2:      first_ration, chequers_ecumenical_altar_simple_redux
D:3:      elyvilon_altar_5, gammafunk_temple_overflow_arena,
          biasface_ghost_orc_armoury, kennysheep_generic_room_7
D:4:      yredelemnul_forgotten_temple_becter, kennysheep_slug_shrine,
          fedhas_altar_4
D:5:      kennysheep_windowed_halls, kiku_gazebo_pond_becter,
          lemuel_crystal_altar, gammafunk_temple_overflow_claw,
          gammafunk_ghost_icy, gup_sewer_entry_pipe
D:6:      lemuel_round_altar, serial_shops, shop, biasface_ghost_orc_armoury
D:7:      vehumet_statue, minmay_temple_entry_mist, enter_ossuary_1
D:8:      grunt_lair_entry_orc_guard_hut, uniq_psyche
Temple:   eino_wide_crystal_templ
Lair:1:   gammafunk_ghost_hydra_chop
Lair:2:   minmay_snake_entry_guardpost_medium, portal_ice_cave_entry_ice_beasts,
          grunt_megastairs_2, infiniplex_staircase_pool, serial_bayou_shore_b,
          uniq_gastronok
Sewer:    sewer_co_purgy_island
Ossuary:  ossuary_tomb_2
IceCv:    ice_cave_caverns_03

Skill      XL: |  1  2  3  4  5  6  7  8  9 10 11 12 |
---------------+-------------------------------------+-----
Dodging        | 3 4 5 |  5.2
Fire Magic     | 4 5 6 7 9 10 11 | 11.9
Spellcasting   | 4 5 7 9 11 12 14 15 | 15.0
Conjurations   | 3 4 5 7 9 10 | 10.8
Stealth        | 3 4 5 |  5.2
Shields        | 1 3 5 |  5.8
Fighting       | |  0.4

Action                   |  1- 3 |  4- 6 |  7- 9 | 10-12 || total
-------------------------+-------+-------+-------+-------++-------
Melee: Unarmed           |     2 |       |     1 |       ||     3
 Cast: Flame Tongue      |    64 |    94 |   263 |   239 ||   660
       Conjure Flame     |       |     1 |     6 |     9 ||    16
       Throw Flame       |       |     3 |    29 |    22 ||    54
       Sticky Flame      |       |     2 |    27 |    49 ||    78
       Fireball          |       |       |    13 |    69 ||    82
  Use: Potion            |     1 |       |       |       ||     1
       Scroll            |       |       |    13 |     8 ||    21
  Eat: Chunk             |     2 |     6 |    19 |    15 ||    42
       Ration            |       |       |     1 |     1 ||     2
Armor: Robe              |     5 |     3 |    20 |    15 ||    43
       Skin              |     2 |       |       |       ||     2
Dodge: Dodged            |    20 |    22 |    71 |    43 ||   156
Block: Buckler           |       |       |     5 |    26 ||    31

Table legend:
 A = Spawn XP
 B = Non-spawn XP
 C = Spawn XP percentage of total XP
 D = Spawn monster count
 E = Non-spawn monster count
 F = Spawn count percentage of total count
 G = Total turns spent on level
                    A         B        C        D         E        F      G
               +---------+---------+-------+---------+---------+-------+---------
         Total |       0 |   28101 |   0.0 |       0 |     378 |   0.0 | 15623
               +---------+---------+-------+---------+---------+-------+---------
           D:1 |       0 |      26 |   0.0 |       0 |      16 |   0.0 |   870
           D:2 |       0 |      89 |   0.0 |       0 |      20 |   0.0 |   842
           D:3 |       0 |     342 |   0.0 |       0 |      38 |   0.0 |  1517
           D:4 |       0 |     676 |   0.0 |       0 |      24 |   0.0 |  1775
           D:5 |       0 |    1927 |   0.0 |       0 |      60 |   0.0 |  2315
           D:6 |       0 |    1679 |   0.0 |       0 |      42 |   0.0 |  1695
           D:7 |       0 |     957 |   0.0 |       0 |      18 |   0.0 |   990
           D:8 |       0 |    4373 |   0.0 |       0 |      47 |   0.0 |  1295
        Lair:1 |       0 |    8125 |   0.0 |       0 |      28 |   0.0 |  1631
        Lair:2 |       0 |    1760 |   0.0 |       0 |      14 |   0.0 |   227
         Sewer |       0 |     148 |   0.0 |       0 |       8 |   0.0 |   328
       Ossuary |       0 |     554 |   0.0 |       0 |      29 |   0.0 |   478
         IceCv |       0 |    7445 |   0.0 |       0 |      34 |   0.0 |  1618
               +---------+---------+-------+---------+---------+-------+---------
